Map: Cyber Forest LE

Players

wingszzx - Winner!

  • Race: Protoss Protoss
  • League: Diamond
  • Spawn Location: 11:00

pHARM

  • Race: Zerg Zerg
  • League: Platinum
  • Spawn Location: 5:00

VOD

Have the link to the VOD?

Description

Time

  • Played on: Aug. 3, 2019, 4:29 a.m.
  • Length: 9:01
Show
View Real Time Build Order
Export as new Build Order

wingszzx Protoss - Winner!

Build Orders: 1 Gate Expand 

Get SALT Encoding   

  12  0:01  Probe  
  13  0:13  Probe  
  14  0:19  Pylon  
  14  0:25  Probe  
  15  0:40  Probe  
  15  0:42  Gateway  
  15  0:48  Probe  
  16  0:53  Assimilator  
  17  0:59  Probe  
  18  1:08  Probe  
  19  1:30  Nexus  
  19  1:36  Cybernetics Core  
  19  1:39  Probe  
  20  1:47  Assimilator  
  20  1:55  Pylon  
  20  2:01  Probe  
  21  2:12  Adept, Warp Gate  
  21  2:13  Probe  
  24  2:23  Probe  
  25  2:35  Probe  
  26  2:38  Gateway  
  28  2:44  Sentry  
  28  2:48  Probe x2  
  30  2:52  Robotics Facility  
  30  3:07  Probe x2  
  30  3:11  Pylon  
  32  3:15  Probe x2  
  32  3:16  Pylon  
  34  3:21  Stalker  
  34  3:25  Probe  
  34  3:27  Stalker  
  38  3:32  Probe  
  40  3:37  Twilight Council  
  40  3:47  Probe x2  
  42  3:53  Resonating Glaives  
  42  3:55  Assimilator  
  42  3:57  Pylon  
  42  4:07  Observer  
  43  4:18  Gateway  
  43  4:22  Gateway  
  43  4:23  Probe x2  
  45  4:29  Gateway  
  45  4:35  Probe  
  45  4:36  Gateway  
  46  4:40  Probe  
  46  4:44  Warp Prism  
  49  4:47  Probe  
  49  4:52  Probe  
  51  4:59  Assimilator, Probe  
  52  5:02  Pylon  
  52  5:04  Probe  
  53  5:11  Probe  
  54  5:15  Adept  
  54  5:16  Sentry x2, Probe  
  61  5:23  Probe  
  62  5:29  Pylon x2  
  62  5:30  Adept x2  
  62  5:31  Adept, Pylon  
  68  5:41  Immortal  
  68  5:55  Sentry x2  
  76  5:59  Adept x4  
  84  6:22  Adept x2  
  84  6:23  Adept  
  90  6:26  Immortal  
  84  6:38  Sentry x3  
  92  6:42  Pylon  
  92  6:45  Pylon  
  78  6:56  Stalker x2  
  78  6:57  Stalker  
  84  7:14  Stalker x3, Charge  
  88  7:32  Immortal  
  88  7:36  Nexus  
  88  7:39  Pylon  
  88  7:40  Pylon  
  88  7:42  Pylon  
  92  7:44  Pylon  
  92  7:47  Assimilator  
  92  7:49  Robotics Facility  
  92  7:51  Assimilator, Adept  
  92  7:52  Adept x2  
  94  8:09  Stalker  
  94  8:10  Stalker x2  
  94  8:11  Immortal  
  94  8:17  Stalker x2  
  94  8:18  Stalker  
  86  8:42  Stalker x2  
  86  8:43  Stalker x4  
Show
View Real Time Build Order
Export as new Build Order

pHARM Zerg 

Build Orders: Hatch First 

Get SALT Encoding   

  12  0:01  Drone  
  13  0:19  Drone  
  14  0:40  Overlord  
  14  0:41  Hatchery  
  13  0:53  Drone  
  14  0:59  Drone x2  
  14  1:04  Drone  
  17  1:19  Spawning Pool  
  17  1:25  Drone  
  17  1:34  Drone  
  18  1:43  Extractor  
  17  1:47  Drone x2  
  19  1:59  Drone x2  
  21  2:08  Drone  
  21  2:10  Drone  
  21  2:13  Queen x2  
  27  2:18  Drone  
  28  2:28  Overlord  
  28  2:38  Evolution Chamber  
  27  2:50  Roach Warren  
  26  2:53  Drone x4  
  26  2:54  Evolution Chamber, Drone  
  30  3:05  Zerg Missile Weapons Level 1  
  30  3:15  Drone x3  
  33  3:29  Lair  
  33  3:32  Drone  
  33  3:33  Drone x2  
  36  3:34  Overlord x2  
  36  3:50  Overlord  
  36  3:52  Queen  
  36  3:54  Drone x8  
  46  4:15  Extractor x2  
  44  4:27  Glial Reconstitution  
  44  4:37  Drone x3  
  47  4:40  Roach x4  
  47  4:41  Overlord  
  55  4:51  Roach x2  
  59  4:54  Overlord  
  59  4:56  Hatchery  
  58  5:03  Roach  
  60  5:11  Overlord  
  60  5:19  Roach x4  
  68  5:42  Roach x4  
  76  5:44  Overlord  
  76  5:45  Overlord  
  76  6:03  Roach x4  
  84  6:05  Roach x3  
  90  6:17  Overlord x3  
  67  6:51  Zerg Ground Armor Level 1  
  67  6:54  Drone x6  
  67  6:55  Drone x7  
  67  6:59  Queen x2  
  67  7:00  Queen  
  86  7:03  Drone x3  
  81  7:19  Drone  
  81  7:20  Drone x4  
  86  7:31  Drone x3  
  89  7:43  Hydralisk Den  
  88  7:47  Drone x5  
  93  7:55  Roach x3  
  95  8:11  Roach x9  
  100  8:19  Roach x5  
  94  8:27  Roach  
  94  8:28  Roach x2  
  94  8:32  Roach x4  
  94  8:41  Roach  
Tags
 
Add a new tag
Caveats
  • Supply blocks, unpowered buildings, or Contaminate may cause inaccurate times.
  • Supply counts are checked every 10 seconds.